 Dungeon Crawl Stone Soup version 0.19.1 (webtiles) character file.

54119 Rrauwl the Severer (level 14, -11/127 HPs)
             Began as a Minotaur Berserker on Nov 28, 2016.
             Was a High Priest of Trog.
             Mangled by a large slime creature (27 damage)
             ... on level 11 of the Dungeon on Nov 29, 2016.
             The game lasted 02:38:52 (21717 turns).

Rrauwl the Severer (Minotaur Berserker)            Turns: 21717, Time: 02:38:52

Health: -11/127    AC: 22    Str: 28    XL:     14   Next: 33%
Magic:  4/4        EV: 16    Int:  7    God:    Trog [*****.]
Gold:   1211       SH:  0    Dex: 14    Spells: 0 memorised, 13 levels left

rFire  + + .     SeeInvis .     V - +1 battleaxe (antimagic)
rCold  x . .     Gourm    .     c - +0 fire dragon scales
rNeg   . . .     Faith    +     (shield currently unavailable)
rPois  +         Spirit   .     D - +2 hat {Int+3}
rElec  .         Reflect  .     H - +0 cloak {rPois}
rCorr  .         Harm     .     B - +0 pair of gloves
MR     +....                    (no boots)
Stlth  ..........               i - amulet of faith
                                N - +5 ring of dexterity
                                q - +4 ring of protection

@: no status effects
A: retaliatory headbutt, horns 2, rugged brown scales 1, blurry vision 2, clumsy
1, strong 1, subdued magic 2
a: Berserk, Trog's Hand, Brothers in Arms, Burn Spellbooks, Renounce Religion


You were on level 11 of the Dungeon.
You worshipped Trog.
Trog was extremely pleased with you.
You were not hungry.

You visited 2 branches of the dungeon, and saw 18 of its levels.
You also visited: Bailey.

You collected 1489 gold pieces.
You spent 278 gold pieces at shops.

Inventory:

Hand Weapons
 g - the +0 whip of Autumn {freeze, *Noise +Fly rElec Dex+7}
   (You found it on level 9 of the Dungeon)

   It has been specially enchanted to freeze those struck by it, causing extra
   injury to most foes and up to half again as much damage against particularly
   susceptible opponents.
   It can also slow down cold-blooded creatures.
   It affects your dexterity (+7).
   It insulates you from electricity.
   It lets you fly.
   It may make noises in combat.
 n - a +4 hand crossbow of flaming
 t - the +1 dagger of Harmony {pierce, +Inv rF+ Str+3}
   (You found it in a bailey)

   It inflicts extra damage upon your enemies.
   It affects your strength (+3).
   It protects you from fire.
   It lets you turn invisible.
 z - a +1 arbalest of flaming
 I - a +3 antimagic great mace
 V - a +1 antimagic battleaxe (weapon)
Missiles
 b - 233 bolts
Armour
 c - +0 fire dragon scales (worn)
 r - the +1 leather armour of Tonadgh {Str+3 Dex+4}
   (You found it on level 5 of the Dungeon)

   It affects your strength (+3).
   It affects your dexterity (+4).
 B - a +0 pair of gloves (worn)
 D - a +2 hat of intelligence (worn)
 H - a +0 cloak of poison resistance (worn)
Jewellery
 i - an amulet of faith (around neck)
 q - a +4 ring of protection (left hand)
 K - an uncursed ring of fire
 N - a +5 ring of dexterity (right hand)
 Y - an uncursed ring of see invisible
Wands
 f - a wand of teleportation (8/9)
 j - a wand of confusion (12/48)
 k - a wand of lightning (1/15)
 y - a wand of iceblast (7/15)
 F - a wand of polymorph (9/24)
 M - a wand of flame (18/48)
 T - a wand of lightning (9/15)
Scrolls
 e - a scroll of enchant weapon
 m - 6 scrolls of identify
 s - a scroll of enchant armour
 w - 2 scrolls of fear
 A - 2 scrolls of remove curse
 Q - a scroll of fog
 R - 2 scrolls of amnesia
 Z - 2 scrolls of recharging
Potions
 o - 4 potions of curing
 p - 3 potions of brilliance
 u - 2 potions of flight
 v - a potion of beneficial mutation
Books
 x - a book of Callings

   Spells                             Type                      Level
   a - Summon Small Mammal            Summoning                    1
   b - Call Imp                       Summoning                    2
   c - Call Canine Familiar           Summoning                    3
   d - Summon Guardian Golem          Hexes/Summoning              3
   e - Summon Lightning Spire         Summoning/Air                4
   f - Summon Ice Beast               Ice/Summoning                4
   Trog disapproves of the use of such an item.
 O - a book of Misfortune

   Spells                             Type                      Level
   a - Confusing Touch                Hexes                        1
   b - Confuse                        Hexes                        3
   c - Gell's Gravitas                Hexes/Translocation          3
   d - Petrify                        Transmutation/Earth          4
   e - Metabolic Englaciation         Hexes/Ice                    5
   f - Yara's Violent Unravelling     Hexes/Transmutation          5
   Trog disapproves of the use of such an item.
 P - a book of Changes

   Spells                             Type                      Level
   a - Beastly Appendage              Transmutation                1
   b - Sticks to Snakes               Transmutation                2
   c - Spider Form                    Transmutation/Poison         3
   d - Ice Form                       Ice/Transmutation            4
   e - Blade Hands                    Transmutation                5
   Trog disapproves of the use of such an item.
Miscellaneous
 L - a crystal ball of energy
Comestibles
 h - 9 beef jerkies
 G - 3 bread rations
 J - 10 royal jellies
 S - a meat ration
 U - 3 fruits


   Skills:
 + Level 11.4 Fighting
 + Level 15.4(15.5) Axes
 - Level 1.0(10.4) Maces & Flails
 + Level 13.4 Crossbows
 - Level 11.0 Armour
 - Level 10.0 Dodging
   Level 10.0 Shields
 + Level 2.0 Evocations


You had 13 spell levels left.
You didn't know any spells.

Dungeon Overview and Level Annotations

Branches:
Dungeon (12/15)            Temple (0/1) D:6            Lair (6/6) D:8
  Swamp (0/4) Lair:2        Snake (0/4) Lair:3        Slime (0/5) Lair:6
    Orc (0/2) D:12

Altars:
Sif Muna
Jiyva

Shops:
D:6 [   D:8 ([?


Innate Abilities, Weirdness & Mutations

You reflexively headbutt those who attack you in melee.
You have a pair of horns on your head.
You are partially covered in rugged brown scales. (AC +1, +3% HP)
Scrolls take you longer to read.
You are clumsy. (Dex -2)
Your muscles are strong. (Str +2)
Your spells are easier to cast, but less powerful.


Message History

You slice the large slime creature!!
You kill the large slime creature!
Trog accepts your kill.
Your magical contamination has completely faded away.
There is an escape hatch in the ceiling here.
The large slime creature closely misses you.
A mysterious force pulls you upwards. The hatch slams shut behind you.
You slice the large slime creature!!
The large slime creature is moderately wounded.
The large slime creature hits you!
* * * LOW HITPOINT WARNING * * *
You feel better.
The large slime creature completely misses you.
You hit the large slime creature. You headbutt the large slime creature.
The large slime creature is moderately wounded.
The large slime creature hits you but does no damage.
You slice the large slime creature!! You headbutt the large slime creature!
The large slime creature is heavily wounded.
The large slime creature hits you!!
You die...

################
#........).....#
#.############.# #.# #.# #)#
#.# ####.# #.## ##>##.####
#... #######..J@....# ###.##
##...#....##.##.#######....#
##........###.##.##.....#....
#.........# #.##.##.##.###..#
#.........###.##.##.#.## ##.#
#.............#..##....###...
##.....<..#.##.......##.#..##
##.....###.(....##.####.#..#
#..##.###.###...#.#.......#


You could see a large slime creature.

Vanquished Creatures
  Gastronok (Lair:2)
  An orc warlord (Bailey)
  A fire dragon (Lair:6)
  6 hydras
  The ghost of smzp the Slicer, a journeyman KoCK of Xom (D:8)
  The ghost of veneficus the Cleaver, a novice MiBe of Trog (Bailey)
  The ghost of stonage the Carver, a novice DsFi of Nemelex Xobeh (Bailey)
  An unseen horror (D:12)
  3 hill giants (D:12)
  A lindwurm (Lair:6)
  An oklob plant (Lair:3)
  Pikel (D:4)
  A cyclops (D:12)
  8 elephants (Lair:5)
  The ghost of sheala the Covert, a novice FeEn of Sif Muna (Lair:1)
  Joseph (D:9)
  11 black mambas
  The ghost of Rrauwl the Chopper, a novice MiBe of Trog (D:3)
  A centaur zombie (D:10)
  3 molten gargoyles (Lair:6)
  A gargoyle (D:12)
  A centaur skeleton (D:10)
  11 komodo dragons
  12 spiny frogs
  A rime drake (Lair:4)
  A troll (D:12)
  2 meliai (Lair:4)
  2 red devils (D:12)
  A queen bee (Lair:4)
  A hornet (D:12)
  6 slime creatures (D:12)
  2 polar bears
  5 blink frogs (Lair:3)
  2 two-headed ogres
  4 hippogriffs
  4 dream sheep (Lair:5)
  Sigmund (D:2)
  A shadow (D:12)
  31 yaks
  9 wyverns
  3 basilisks (Lair:6)
  2 wraiths (D:10)
  A hungry ghost (D:8)
  A steam dragon (Lair:3)
  A mottled dragon (Lair:6)
  A naga (Lair:3)
  2 vampire mosquitoes (D:12)
  6 swamp worms (Lair:2)
  4 hell hounds (Lair:6)
  10 water moccasins
  7 orc warriors
  5 porcupines
  A black bear (D:7)
  2 ice beasts (D:10)
  2 sky beasts
  6 ogres
  A phantom (D:6)
  6 centaurs
  18 wolves
  16 crocodiles
  A big kobold (D:10)
  Blork the orc (D:4)
  15 bullfrogs
  A gnoll sergeant (D:6)
  A scorpion (D:6)
  19 killer bees (Lair:4)
  8 wights
  A howler monkey (D:6)
  3 electric eels
  8 crimson imps
  A bullfrog zombie (D:12)
  5 lava snakes (Lair:6)
  A jelly (D:8)
  2 quasits
  3 bullfrog skeletons
  7 hounds
  6 orc priests
  14 orc wizards
  Jessica (D:2)
  6 iguanas
  Natasha (twice) (D:4)
  7 worker ants
  8 gnolls
  A howler monkey zombie (D:11)
  A worker ant zombie (D:6)
  9 adders
  A howler monkey skeleton (D:6)
  2 shadow imps
  2 oozes
  An adder skeleton (D:6)
  An adder zombie (D:5)
  2 worms
  2 dart slugs (D:1)
  8 leopard geckos
  62 orcs
  3 ball pythons
  9 bats
  5 giant cockroaches
  13 goblins
  13 hobgoblins
  16 jackals
  5 quokkas
  5 frilled lizards
  18 kobolds
  7 rats
  A butterfly (Lair:5)
  26 fungi
  16 plants
589 creatures vanquished.

Vanquished Creatures (collateral kills)
  A meliai (Lair:4)
  A killer bee (Lair:4)
2 creatures vanquished.

Vanquished Creatures (others)
  A slave (D:4)
  Natasha (D:4)
  An adder (D:4)
  2 leopard geckos (D:4)
  11 fungi
  2 plants
18 creatures vanquished.

Grand Total: 609 creatures vanquished

Notes
Turn   | Place    | Note
-------+----------+-------------------------------------------
     0 | D:1      | Rrauwl the Minotaur Berserker began the quest for the Orb.
     0 | D:1      | Reached XP level 1. HP: 19/19 MP: 0/0
    90 | D:1      | Reached skill level 4 in Axes
   167 | D:1      | Reached XP level 2. HP: 20/26 MP: 1/1
   239 | D:1      | Reached skill level 5 in Axes
   298 | D:1      | Reached XP level 3. HP: 18/31 MP: 2/2
   343 | D:1      | Reached ** piety under Trog
  1157 | D:2      | Reached XP level 4. HP: 16/39 MP: 3/3
  1202 | D:2      | Reached skill level 6 in Axes
  1352 | D:2      | Noticed Jessica
  1355 | D:2      | Killed Jessica
  1500 | D:2      | Noticed Sigmund
  1506 | D:2      | Killed Sigmund
  1506 | D:2      | Reached skill level 8 in Axes
  1506 | D:2      | Reached XP level 5. HP: 45/45 MP: 4/4
  1506 | D:2      | Reached XP level 6. HP: 51/51 MP: 5/5
  1844 | D:3      | Noticed Rrauwl's ghost (novice MiBe)
  1857 | D:3      | Reached *** piety under Trog
  1868 | D:3      | Killed Rrauwl's ghost
  1868 | D:3      | Reached skill level 10 in Axes
  1868 | D:3      | Reached XP level 7. HP: 45/57 MP: 6/6
  2348 | D:4      | Noticed Pikel
  2371 | D:4      | Killed Pikel
  2371 | D:4      | Reached skill level 11 in Axes
  2371 | D:4      | Reached XP level 8. HP: 64/64 MP: 7/7
  2431 | D:4      | Killed Natasha
  2597 | D:4      | Noticed Blork the orc
  2604 | D:4      | Killed Blork the orc
  2604 | D:4      | Reached skill level 12 in Axes
  2723 | D:4      | Noticed Natasha
  2728 | D:4      | Killed Natasha
  2980 | D:4      | Noticed Natasha
  2985 | D:4      | Killed Natasha
  3509 | D:5      | Entered Level 5 of the Dungeon
  3728 | D:5      | Reached skill level 13 in Axes
  4060 | D:5      | Got a transparent leather armour
  4071 | D:5      | Identified the +1 leather armour of Tonadgh {Str+3 Dex+4} (You found it on level 5 of the Dungeon)
  4708 | D:6      | Reached **** piety under Trog
  4722 | D:6      | Reached XP level 9. HP: 65/70 MP: 8/8
  4864 | D:6      | Found a staircase to the Ecumenical Temple.
  4935 | D:6      | Reached skill level 14 in Axes
  5149 | D:6      | Found Tatiumi's Antique Armour Emporium.
  5201 | D:7      | Reached skill level 1 in Shields
  5296 | D:7      | Found a deep blue altar of Sif Muna.
  5638 | D:8      | Found Teasadd's Antique Weapon Boutique.
  5715 | D:8      | Reached skill level 5 in Fighting
  5722 | D:8      | Reached ***** piety under Trog
  5734 | D:8      | Gained mutation: You evolve. [mutagenic meat]
  5736 | D:8      | Gained mutation: You regenerate slowly when monsters are visible. [mutagenic meat]
  5737 | D:8      | Gained mutation: Your magical capacity is low. (-10% MP) [mutagenic meat]
  5737 | D:8      | Lost mutation: You regenerate slowly when monsters are visible. [potion of cure mutation]
  5737 | D:8      | Lost mutation: Your magical capacity is low. (-10% MP) [potion of cure mutation]
  5737 | D:8      | Lost mutation: You evolve. [potion of cure mutation]
  5739 | D:8      | Gained mutation: Scrolls take you a little longer to read. [mutagenic meat]
  5973 | D:8      | Found a staircase to the Lair.
  6070 | D:8      | Reached XP level 10. HP: 64/83 MP: 9/9
  6153 | D:8      | Found Exiupnel's Magic Scroll Shoppe.
  6161 | D:8      | Bought a scroll of blinking for 120 gold pieces
  6161 | D:8      | Bought a scroll of teleportation for 48 gold pieces
  6180 | D:8      | Reached skill level 5 in Armour
  6313 | D:8      | Noticed smzp's ghost (journeyman KoCK)
  6348 | D:8      | Killed smzp's ghost
  6348 | D:8      | Reached skill level 5 in Dodging
  6348 | D:8      | Reached skill level 5 in Shields
  6602 | D:8      | Received a gift from Trog
  6631 | D:8      | Found Zahuf's Armour Shoppe.
  6637 | D:8      | Bought a +0 cloak of poison resistance for 110 gold pieces
  6848 | Lair:1   | Entered Level 1 of the Lair of Beasts
  6848 | Lair:1   | Noticed sheala's ghost (novice FeEn)
  6889 | Lair:1   | Killed sheala's ghost
  7014 | Lair:1   | Noticed a spiny frog
  7038 | Lair:1   | Killed a spiny frog
  7326 | Lair:1   | Noticed a spiny frog
  7338 | Lair:1   | Killed a spiny frog
  7338 | Lair:1   | Reached skill level 15 in Axes
  7520 | Lair:1   | Noticed a spiny frog
  7528 | Lair:1   | Killed a spiny frog
  7609 | Lair:1   | Noticed a spiny frog
  7615 | Lair:1   | Killed a spiny frog
  7631 | Lair:1   | Reached XP level 11. HP: 50/92 MP: 10/10
  8219 | Lair:2   | Reached skill level 1 in Crossbows
  8304 | Lair:2   | Noticed Gastronok
  8320 | Lair:2   | Killed Gastronok
  8619 | Lair:2   | Gained mutation: You are clumsy. (Dex -2) [potion of mutation]
  8619 | Lair:2   | Gained mutation: Scrolls take you longer to read. [potion of mutation]
  8949 | Lair:2   | Identified a scroll of acquirement
  9283 | Lair:2   | Found a staircase to the Swamp.
  9307 | Lair:2   | Received a gift from Trog
  9833 | Lair:2   | Reached skill level 5 in Crossbows
 10045 | Lair:3   | Noticed an oklob plant
 10053 | Lair:3   | Killed an oklob plant
 10343 | Lair:3   | Reached skill level 10 in Armour
 10422 | Lair:3   | Found a staircase to the Snake Pit.
 11350 | Lair:4   | Reached XP level 12. HP: 100/100 MP: 11/11
 11416 | Lair:4   | Noticed a seven-headed hydra
 11565 | Lair:5   | Got an ancient ring mail
 11857 | Lair:5   | Identified the +1 ring mail of the Alphagorgon {Int+4} (You found it on level 5 of the Lair of Beasts)
 12696 | Lair:4   | Noticed an eight-headed hydra
 12707 | Lair:4   | Killed an eight-headed hydra
 12853 | Lair:4   | Killed a seven-headed hydra
 13434 | Lair:5   | Noticed an eight-headed hydra
 13441 | Lair:4   | Received a gift from Trog
 13713 | Lair:5   | Reached skill level 10 in Crossbows
 14042 | Lair:5   | Killed an eight-headed hydra
 14042 | Lair:5   | Reached XP level 13. HP: 105/105 MP: 4/12
 14346 | Lair:6   | Entered Level 6 of the Lair of Beasts
 14878 | Lair:6   | Reached skill level 10 in Shields
 15174 | Lair:6   | Found a viscous altar of Jiyva.
 15174 | Lair:6   | Found a staircase to the Slime Pits.
 15261 | Lair:6   | Reached skill level 10 in Dodging
 15329 | Lair:6   | Reached skill level 1 in Maces & Flails
 17204 | Lair:6   | Received a gift from Trog
 17664 | Lair:6   | Found a large runed door.
 17664 | Lair:6   | Found a large runed door.
 17761 | Lair:6   | Noticed a fire dragon
 17771 | Lair:6   | Killed a fire dragon
 18120 | D:9      | Gained mutation: Your spells are a little easier to cast, but a little less powerful. [mutagenic meat]
 18194 | D:9      | Got a dazzling whip
 18195 | D:9      | Identified the +0 whip of Autumn {freeze, *Noise +Fly rElec Dex+7} (You found it on level 9 of the Dungeon)
 18313 | D:9      | Reached skill level 10 in Fighting
 18339 | D:9      | Noticed Joseph
 18350 | D:9      | Killed Joseph
 18350 | D:9      | Received a gift from Trog
 18575 | D:9      | Found a flagged portal.
 18600 | Bailey   | Entered a bailey
 18605 | Bailey   | Noticed an orc warlord
 18622 | Bailey   | Received a gift from Trog
 18662 | Bailey   | Noticed stonage's ghost (novice DsFi)
 18708 | Bailey   | Found a runed gate.
 18710 | Bailey   | Found a runed gate.
 18712 | Bailey   | Found a runed gate.
 18721 | Bailey   | Noticed veneficus's ghost (novice MiBe)
 18766 | Bailey   | Killed stonage's ghost
 18771 | Bailey   | Killed an orc warlord
 18822 | Bailey   | Got a shimmering dagger
 18823 | Bailey   | Identified the cursed +1 dagger of Harmony {pierce, +Inv rF+ Str+3} (You found it in a bailey)
 18830 | Bailey   | Gained mutation: Your muscles are strong. (Str +2) [potion of beneficial mutation]
 18877 | Bailey   | Killed veneficus's ghost
 19228 | D:10     | Entered Level 10 of the Dungeon
 19423 | D:10     | Reached XP level 14. HP: 115/122 MP: 13/13
 20270 | D:11     | Received a gift from Trog
 20526 | D:11     | Gained mutation: Your spells are easier to cast, but less powerful. [potion of mutation]
 20526 | D:11     | Gained mutation: You are partially covered in rugged brown scales. (AC +1, +3% HP) [potion of mutation]
 20779 | D:12     | Received a gift from Trog
 20808 | D:12     | Received a gift from Trog
 20847 | D:12     | Found a staircase to the Orcish Mines.
 21038 | D:12     | Reached skill level 1 in Evocations
 21636 | D:12     | Received a gift from Trog
 21691 | D:12     | HP: 6/127 [very large slime creature (30)]
 21717 | D:11     | Mangled by a large slime creature

Skill      XL: |  1  2  3  4  5  6  7  8  9 10 11 12 13 14 |
---------------+-------------------------------------------+-----
Axes           | 4 5 8 10 11 13 14 15 | 15.4
Shields        | 4 6 9 10 | 10.0
Fighting       | 5 7 10 11 | 11.4
Armour         | 4 6 10 11 | 11.0
Dodging        | 4 6 9 10 | 10.0
Crossbows      | 7 10 12 13 | 13.4
Maces & Flails | 1 |  1.0
Evocations     | 2 |  2.0

Action                   |  1- 3 |  4- 6 |  7- 9 | 10-12 | 13-15 || total
-------------------------+-------+-------+-------+-------+-------++-------
Melee: Hand axe          |    88 |    59 |   280 |       |       ||   427
       Headbutt          |    17 |    12 |   115 |   193 |   185 ||   522
       War axe           |       |       |   124 |   640 |   515 ||  1279
       Great mace        |       |       |       |    19 |    69 ||    88
       Battleaxe         |       |       |       |       |   132 ||   132
 Fire: Hand crossbow     |       |       |       |    21 |     4 ||    25
       Arbalest          |       |       |       |       |     7 ||     7
Invok: Berserk           |       |     2 |     5 |    15 |    14 ||    36
       Brothers in Arms  |       |       |       |     3 |       ||     3
       Burn Spellbooks   |       |       |       |     1 |       ||     1
Evoke: Wand              |       |       |     1 |     8 |     2 ||    11
  Use: Scroll            |     4 |     4 |    11 |     6 |     6 ||    31
       Potion            |     2 |     2 |     8 |     7 |    11 ||    30
 Stab: Sleeping          |     1 |     1 |     1 |       |       ||     3
       Invisible         |       |       |     1 |       |       ||     1
       Distracted        |       |       |       |     1 |       ||     1
  Eat: Chunk             |     1 |     3 |    22 |    23 |    21 ||    70
       Beef jerky        |       |       |     1 |     2 |       ||     3
       Fruit             |       |       |     1 |    10 |    14 ||    25
       Meat ration       |       |       |       |     1 |       ||     1
       Royal jelly       |       |       |       |       |     3 ||     3
       Pizza             |       |       |       |       |     1 ||     1
Armor: Animal skin       |    14 |     1 |       |       |       ||    15
       Chain mail        |       |    14 |       |       |       ||    14
       Plate armour      |       |       |    48 |       |       ||    48
       Leather armour    |       |       |    57 |   119 |    50 ||   226
       Fire dragon scale |       |       |       |       |   162 ||   162
Dodge: Dodged            |    48 |    20 |    52 |   240 |   462 ||   822
Block: Large shield      |       |       |   156 |   343 |       ||   499
